 Dungeon Crawl Stone Soup version 0.32-a0-909-gc671339a80 (webtiles) character file.

Game seed: 14497230289625350744

1122 pokeman the Thaumaturge (level 8, 0/42 (44) HPs)
             Began as a Deep Elf Hedge Wizard on Apr 6, 2024.
             Slain by a wight
             ... wielding a +5 halberd
              (8 damage)
             ... on level 6 of the Dungeon.
             The game lasted 00:08:43 (5762 turns).

pokeman the Thaumaturge (Deep Elf Hedge Wizard)     Turns: 5762, Time: 00:08:43

HP:   0/42 (44)     AC:  5    Str:  7    XL:     8   Next: 12%
MP:   27/32         EV: 12    Int: 22    God:
Gold: 214           SH:  0    Dex: 14    Spells: 15/26 levels left

rFire   . . .        m - +3 short sword (venom)
rCold   . . .        (no shield)
rNeg    . . .        b - +0 robe
rPois   .            c - +0 hat
rElec   .            a - +0 cloak
rCorr   .            h - +0 pair of gloves
SInv    .            o - +0 pair of boots
Will    +....        (no amulet)
Stlth   ++           k - ring of magical power
HPRegen 0.27/turn    v - ring of willpower
MPRegen 0.23/turn

%: no passive effects
@: lightly drained
A: no striking features
a: no special abilities


You were on level 6 of the Dungeon.
You visited 1 branch of the dungeon, and saw 6 of its levels.

You collected 214 gold pieces.

Inventory:

Hand Weapons
 m - a +3 short sword of venom (weapon)
Armour
 a - a +0 cloak (worn)
 b - a +0 robe (worn)
 c - a +0 hat (worn)
 h - a +0 pair of gloves (worn)
 j - a +4 ring mail of cold resistance
 o - a +0 pair of boots (worn)
Jewellery
 k - a ring of magical power (left hand)
 v - a ring of willpower (right hand)
Wands
 w - a wand of charming (9)
Scrolls
 f - a scroll of butterflies {unknown}
 g - 2 scrolls of amnesia {unknown}
 l - 6 scrolls of enchant armour {unknown}
 n - 2 scrolls of fog {unknown}
 q - a scroll of blinking {unknown}
 u - 6 scrolls of identify {unknown}
 x - a scroll of poison {unknown}
 y - a scroll of teleportation {unknown}
 A - a scroll of fear {unknown}
 B - 2 scrolls of enchant weapon {unknown}
Potions
 d - a potion of magic
 e - 2 potions of might {unknown}
 i - a potion of enlightenment {unknown}
 p - 2 potions of brilliance {unknown}
 r - 2 potions of attraction {unknown}
 s - a potion of degeneration {unknown}
 t - 4 potions of curing {unknown}
 z - a potion of heal wounds {unknown}


   Skills:
 - Level 2.0 Fighting
 + Level 2.4 Armour
 - Level 3.0 Dodging
 - Level 3.0 Stealth
 * Level 9.5 Spellcasting
 + Level 4.9 Conjurations
 - Level 1.1 Summonings
 - Level 1.1 Translocations
 + Level 0.3 Ice Magic
 - Level 1.0 Air Magic
 - Level 1.3 Alchemy
 - Level 1.1 Evocations


You had 15 spell levels left.
You knew the following spells:

 Your Spells              Type           Power      Damage    Failure   Level
a - Magic Dart            Conj           100%       1d8       1%          1
b - Mephitic Cloud        Conj/Alch/Air  21%        N/A       7%          3
c - Call Imp              Summ           30%        N/A       6%          2
d - Blink                 Tloc           30%        N/A       6%          2
e - Ozocubu's Armour      Ice            12%        N/A       16%         3

Your spell library contained the following spells:

 Spells                   Type           Power      Damage    Failure   Level
 Summon Small Mammal      Summ           60%        N/A       4%          1
 Slow                     Hex            40%        N/A       6%          1
 Lesser Beckoning         Tloc           30%        N/A       6%          2
 Cigotuvi's Dreadful Rot  Necr/Alch/Air  26%        N/A       7%          2
 Ensorcelled Hibernation  Hex/Ice        22%        N/A       9%          2
 Call Canine Familiar     Summ           15%        N/A       12%         3
 Maxwell's Portable Pile  Tloc           15%        2d(6-18)  12%         3
 Teleport Other           Tloc           15%        N/A       12%         3
 Frozen Ramparts          Ice            24%        1d4       16%         3
 Volatile Blastmotes      Fire/Tloc      24%        2d12      16%         3
 Fugue of the Fallen      Necr           10%        N/A       19%         3
 Passwall                 Erth           10%        N/A       19%         3
 Vhi's Electric Charge    Tloc/Air       30%        N/A       38%         4
 Summon Blazeheart Golem  Fire/Summ      12%        N/A       45%         4
 Anguish                  Hex/Necr       5%         N/A       54%         4
 Metabolic Englaciation   Hex/Ice        5%         N/A       86%         5
 Bombard                  Conj/Erth      10%        9d3       98%         6
 Manifold Assault         Tloc           7%         N/A       100%        7


Dungeon Overview and Level Annotations

Branches:
Dungeon (6/15)
 Temple: D:4-7

Altars:
Ashenzari
Cheibriados
Elyvilon
Qazlal
Sif Muna
Uskayaw
Vehumet
Wu Jian
Xom
Yredelemnul

Annotations:
D:3 3 runed translucent doors, Biggs's ghost, amateur CoHu; EvilEddieB's ghost, weakling DsNe; JoadsterXIII's ghost, amateur GnSh; ratmeat3's ghost, amateur OpFi


Message History

The wight shoots a sling bullet.
The sling bullet misses you.
A wight comes into view. It is wielding a +5 scimitar.
Casting: Magic Dart (safe; 1% risk of failure)
Confirm with . or Enter, or press ? or * to list all spells.
Aiming: Magic Dart (safe; 1% risk of failure)
Press: ? - help, Shift-Dir - straight line, f/p - wight
Aim: a wight, wielding a +0 sling, wearing a +0 robe and quivering stones (moderately damaged, 100% to hit)
The magic dart hits the wight.
The wight is heavily damaged.
The wight throws a stone.
The stone closely misses you.
The wight throws a stone.
The stone hits you.
A wight comes into view.
It is wielding a +2 dire flail of freezing.
Casting: Magic Dart (safe; 1% risk of failure)
Confirm with . or Enter, or press ? or * to list all spells.
Aiming: Magic Dart (safe; 1% risk of failure)
Press: ? - help, Shift-Dir - straight line, f/p - wight
Aim: a wight, wielding a +0 sling, wearing a +0 robe and quivering stones (heavily damaged, 100% to hit)
The magic dart hits the wight.
The wight is severely damaged.
The wight shoots a sling bullet.
The sling bullet hits you!
The wight throws a stone.
The stone hits you.
Casting: Magic Dart (safe; 1% risk of failure)
Confirm with . or Enter, or press ? or * to list all spells.
Aiming: Magic Dart (safe; 1% risk of failure)
Press: ? - help, Shift-Dir - straight line, f/p - wight
Aim: a wight, wielding a +0 sling, wearing a +0 robe and quivering stones (severely damaged, 100% to hit)
The magic dart hits the wight.
You destroy the wight!
Unknown command.
The wight throws a stone.
The stone hits you.
Casting: Magic Dart (safe; 1% risk of failure)
Confirm with . or Enter, or press ? or * to list all spells.
A tiny devil pulls itself out of the air.
Your cerulean imp hits the wight but does no damage.
Your cerulean imp hits the wight but does no damage.
The wight attacks as it pursues you!
The wight hits you from afar with a +5 halberd!
* * * LOW HITPOINT WARNING * * *
You feel drained.
You die...

##
#.>#....#.#..####.....#.#
##..###.##.......#########
.<. #.........#....# ....
....#..######.# . .
....###>#### #.# .#..
.....#...### #.###..#
).....#....#### #......#
.......z..5##.####...#..#
........#z..z.@.....## #
.......####.........#
....... ####......###
#...:.. ###......##
......# ##........# ..##..
#...##...## . ###
##.....### #...#.##
#..##.#


You could see 3 wights and a friendly cerulean imp (summoned).

Vanquished Creatures
  A steam dragon (D:5)
  3 phantoms
  A bullfrog (D:6)
  A scorpion (D:6)
  A wight (D:6)
  A howler monkey (D:6)
  2 bombardier beetles
  2 jellies (D:6)
  An orc priest (D:4)
  3 hounds
  2 iguanas (D:6)
  Ijyb (D:3)
  Terence (D:2)
  A sleepcap (D:4)
  An orc wizard (D:4)
  3 gnolls (D:2)
  5 adders
  2 ribbon worms (D:3)
  2 dart slugs
  5 orcs
  10 ball pythons
  A bat (D:1)
  8 endoplasms
  3 giant cockroaches
  4 goblins
  8 hobgoblins
  6 jackals
  4 kobolds
  4 quokkas
  A frilled lizard (D:3)
  5 rats
93 creatures vanquished.

Notes
Turn   | Place    | Note
-------+----------+-------------------------------------------
     0 | D:1      | pokeman the Deep Elf Hedge Wizard began the quest for the
                  | Orb.
     0 | D:1      | Reached XP level 1. HP: 10/10 MP: 7/7
   176 | D:1      | Reached XP level 2. HP: 16/16 MP: 3/9
   365 | D:1      | Found a faded altar of an unknown god.
   782 | D:1      | Reached skill level 5 in Spellcasting
  1188 | D:2      | Reached XP level 3. HP: 20/20 MP: 3/11
  1192 | D:2      | Learned a level 3 spell: Mephitic Cloud
  1195 | D:2      | Learned a level 2 spell: Call Imp
  1198 | D:2      | Learned a level 2 spell: Blink
  1267 | D:2      | Noticed Terence
  1306 | D:2      | Killed Terence
  1307 | D:2      | Reached skill level 1 in Fighting
  1307 | D:2      | Reached skill level 1 in Armour
  1395 | D:2      | Reached XP level 4. HP: 25/25 MP: 4/13
  2244 | D:3      | Found a radiant altar of Vehumet.
  2332 | D:3      | Found a snail-covered altar of Cheibriados.
  2333 | D:3      | Found a shimmering altar of Xom.
  2333 | D:3      | Found a hide-covered altar of Uskayaw.
  2334 | D:3      | Found an ornate altar of the Wu Jian Council.
  2357 | D:3      | Reached skill level 6 in Spellcasting
  2357 | D:3      | Reached XP level 5. HP: 24/29 MP: 15/15
  2566 | D:3      | Noticed Ijyb
  2578 | D:3      | Killed Ijyb
  2818 | D:3      | Found a runed translucent gate.
  2818 | D:3      | Found a runed translucent gate.
  2819 | D:3      | Found a runed translucent gate.
  2820 | D:3      | Noticed ratmeat3's ghost (amateur OpFi)
  2820 | D:3      | Noticed Biggs's ghost (amateur CoHu)
  2821 | D:3      | Noticed JoadsterXIII's ghost (amateur GnSh)
  2821 | D:3      | Noticed EvilEddieB's ghost (weakling DsNe)
  2954 | D:3      | Found a shimmering blue altar of Sif Muna.
  3797 | D:4      | Reached skill level 1 in Air Magic
  3848 | D:4      | Noticed a phantom
  3879 | D:4      | Killed a phantom
  3880 | D:4      | Reached skill level 1 in Alchemy
  3880 | D:4      | Reached skill level 1 in Evocations
  3880 | D:4      | Reached XP level 6. HP: 19/34 MP: 4/17
  3886 | D:4      | Reached skill level 7 in Spellcasting
  4337 | D:4      | Found a white marble altar of Elyvilon.
  4518 | D:5      | Entered Level 5 of the Dungeon
  4518 | D:5      | Noticed a steam dragon
  4531 | D:5      | Killed a steam dragon
  4532 | D:5      | Reached XP level 7. HP: 34/39 MP: 20/20
  4620 | D:5      | Found a broken altar of Ashenzari.
  4669 | D:5      | Reached skill level 8 in Spellcasting
  5464 | D:6      | Reached skill level 9 in Spellcasting
  5620 | D:6      | Found a stormy altar of Qazlal.
  5660 | D:6      | Found a basalt altar of Yredelemnul.
  5670 | D:6      | Reached XP level 8. HP: 44/44 MP: 23/23
  5722 | D:6      | Learned a level 3 spell: Ozocubu's Armour
  5762 | D:6      | Slain by a wight

Illustrated notes

Levels and vault maps discovered:
D:1:      moated_graveyard_arrival, layout_loops_ring,
          hellmonk_ecumenical_altar_slurped_away
D:2:      layout_basic, chequers_serial_rivers_micro_d, uniq_terence
D:3:      layout_loops_corners, fiery_altar_vehumet,
          chequers_temple_overflow_statue_of_worship,
          mainiacjoe_overflow_surrounded_room, gammafunk_ghost_cemetery,
          nrook_mini_vaults, uniq_ijyb
D:4:      layout_rooms, elyvilon_altar_5
D:5:      layout_loops_ring, nicolae_ashenzari_skybound
D:6:      layout_cave_pools, kennysheep_mini, kennysheep_little_box,
          mainiacjoe_overflow_small_starburst, general_overflow_altar

Skill      XL: |  1  2  3  4  5  6  7 |
---------------+----------------------+-----
Spellcasting   | 5 6 7 9 |  9.5
Fighting       | 1 2 |  2.0
Armour         | 1 2 |  2.4
Conjurations   | 2 3 4 |  4.9
Stealth        | 3 |  3.0
Dodging        | 3 |  3.0
Air Magic      | 1 |  1.0
Alchemy        | 1 |  1.3
Evocations     | 1 |  1.1
Summonings     | |  1.1
Translocations | |  1.1
Ice Magic      | |  0.3

Action                     |  1- 3 |  4- 6 |  7- 9 || total
---------------------------+-------+-------+-------++-------
  Melee: Dagger            |    14 |       |       ||    14
         Short sword       |       |    21 |     7 ||    28
   Cast: Magic Dart        |    73 |   152 |    89 ||   314
         Call Imp          |     2 |     2 |     1 ||     5
         Mephitic Cloud    |     1 |     3 |     2 ||     6
         Blink             |       |     1 |       ||     1
   Stab: Confused          |     3 |     1 |     1 ||     5
         Sleeping          |       |       |     1 ||     1
 Armour: Robe              |     7 |    35 |    24 ||    66
  Dodge: Dodged            |     8 |    25 |    15 ||    48

Table legend: (Time is in decaauts)
 A = Elapsed time spent in this place.
 B = Non-inter-level travel time spent in this place.
 C = Inter-level travel time spent in this place.
 D = Time resting spent in this place.
 E = Time spent auto-exploring this place.
 F = Levels seen in this place.
 G = Mean time per level.
                   A        B        C        D        E       F      G
               +--------+--------+--------+--------+--------+-----+--------+
         Total |   5759 |   5613 |    146 |     95 |   4822 |   6 |  959.8 |
       Dungeon |   5759 |   5613 |    146 |     95 |   4822 |   6 |  959.8 |
               +--------+--------+--------+--------+--------+-----+--------+

Top non-repeatable levels by time:
     D:3: 1443 daAuts
     D:1: 1107 daAuts
     D:2: 1022 daAuts
     D:4: 942 daAuts
     D:5: 815 daAuts
     D:6: 427 daAuts
